 Dungeon Crawl Stone Soup version 0.30.1-9-gdf580d7c3d (webtiles) character file.

Game seed: 16173774319607562399

185 danielguo94 the Cudgeller (level 5, -2/33 HPs)
             Began as a Gargoyle Berserker on Oct 10, 2023.
             Was a Believer of Trog.
             Slain by an orc wizard
             ... wielding a +0 dagger
              (3 damage)
             ... on level 3 of the Dungeon.
             The game lasted 00:05:29 (2686 turns).

danielguo94 the Cudgeller (Gargoyle Berserker)      Turns: 2686, Time: 00:05:30

Health: -2/33      AC: 11    Str: 20    XL:     5   Next: 64%
Magic:  5/5        EV: 10    Int:  8    God:    Trog [**....]
Gold:   223        SH:  0    Dex: 11    Spells: 4/4 levels left

rFire   . . .        a - +0 mace
rCold   . . .        (no shield)
rNeg    + . .        m - +0 scale mail
rPois   ∞            (no helmet)
rElec   +            (no cloak)
rCorr   .            (no gloves)
SInv    .            d - +0 pair of boots
Will    .....        (no amulet) Stlth
                     (no ring)
HPRegen 0.25/turn    (no ring)
MPRegen 0.09/turn

%: no passive effects
@: on berserk cooldown, slowed, very slow
A: sickness immunity, AC +4, negative energy resistance 1, electricity
resistance, torment resistance 1, petrification resistance
a: Renounce Religion, Berserk, Trog's Hand


You were on level 3 of the Dungeon.
You worshipped Trog.
Trog was pleased with you.
You visited 1 branch of the dungeon, and saw 4 of its levels.

You collected 223 gold pieces.

Inventory:

Hand Weapons
 a - a +0 mace (weapon)
 h - a +0 vampiric hand axe
Armour
 d - a +0 pair of boots (worn)
 m - a +0 scale mail (worn)
Scrolls
 b - 2 scrolls of brand weapon
 c - 2 scrolls of vulnerability
 e - a scroll of noise {unknown}
 g - 3 scrolls of fog
 i - a scroll of blinking {unknown}
 k - a scroll of teleportation {unknown}
 n - a scroll of silence {unknown}
Potions
 f - a potion of haste
 j - a potion of curing {unknown}
 l - 2 potions of might
 o - a potion of mutation {unknown}
 p - a potion of attraction {unknown}
 q - a potion of invisibility {unknown}


   Skills:
 + Level 4.1 Fighting
 + Level 4.6 Maces & Flails
 + Level 3.1 Armour
 + Level 2.6 Dodging


You had 4 spell levels left.
You didn't know any spells.
Your spell library contained the following spells:

 Spells                   Type           Power      Damage    Failure   Level
 Passwall                 Tmut/Erth      0%         N/A       88%         2
 Anguish                  Hex/Necr       0%         N/A       100%        4
 Cause Fear               Hex            0%         N/A       100%        4
 Enfeeble                 Hex            0%         N/A       100%        7
 Ignition                 Fire           0%         3d3       100%        8
 Fire Storm               Conj/Fire      0%         5d1       100%        9


Dungeon Overview and Level Annotations

Branches:
Dungeon (4/15)
 Temple: D:4-7

Altars:


Innate Abilities, Weirdness & Mutations

You are immune to sickness and miasma.
Your stone body is resilient. (AC +4)
You are immune to poison.
You resist negative energy. (rN+)
You are resistant to electric shocks. (rElec)
You are resistant to unholy torment.
You are immune to petrification.


Message History

You are no longer berserk.
You are exhausted.
You feel yourself slow down.
You hear some strange, mumbled words.
You are more confused.
You hear some strange, mumbled words.
A puff of flame appears from out of thin air!
The puff of flame hits you!
* * * LOW HITPOINT WARNING * * *
You bump into the rock wall.
Something hits you but does no damage. Something hits you.
* * * LOW HITPOINT WARNING * * *
Okay, then.
Unknown command.
You are too confused!
Unknown command.
Unknown command.
You bump into the rock wall.
Something hits you.
* * * LOW HITPOINT WARNING * * *
Something hits you but does no damage. x2
Something hits you but does no damage.
You bump into the rock wall.
Something hits you.
* * * LOW HITPOINT WARNING * * *
Something hits you but does no damage.
You bump into the rock wall.
Something hits you but does no damage.
You're too confused to move!
You feel less confused.
Something hits you but does no damage. x2
You hit something. Something hits you but does no damage. Something hits you.
* * * LOW HITPOINT WARNING * * *
You hit something but do no damage.
An orc wizard appears from thin air!
Reactivating autopickup.
The orc wizard points at you and mumbles some strange words.
The magic dart hits you.
* * * LOW HITPOINT WARNING * * *
You hit the orc wizard.
The orc wizard is severely wounded.
The orc wizard barely misses you.
The orc wizard hits you with a +0 dagger.
You die...

.#.....###.### #...[.#.###...
.#....####..# #.....#.###...
.#..........# ###.......'...
.#.#######..## ##.#######...
##.# #...## #..# #... #.#
###.#..## #.## #... #.#
#.......#### ###### #... #.#
#......^..o####8_8## #...
#.#####........@.>##.....# ##..
#............#######.....#####..
#.#####......# #..#.......#..#..
#.# #......# #..#..8.8..#.....
##.### #......#
#..#.......#...#. .....#
#......# #..##.....##...#†
.[...# #......#
#..##...).##..... .....#
#......# #...##.8)##....#.
.....# #......#
#....#.).#.....#.


You could see an orc wizard.

Vanquished Creatures
  A scorpion (D:3)
  A howler monkey (D:3)
  2 adders
  A worm (D:2)
  4 dart slugs
  5 ball pythons
  4 endoplasms
  2 giant cockroaches
  4 goblins
  5 hobgoblins
  4 jackals (D:1)
  7 quokkas
  4 bats
  3 frilled lizards
  8 kobolds
  5 rats
60 creatures vanquished.

Notes
Turn   | Place    | Note
-------+----------+-------------------------------------------
     0 | D:1      | danielguo94 the Gargoyle Berserker began the quest for the
                  | Orb.
     0 | D:1      | Reached XP level 1. HP: 14/14 MP: 1/1
   133 | D:1      | Reached XP level 2. HP: 17/19 MP: 2/2
   495 | D:1      | Reached XP level 3. HP: 24/24 MP: 3/3
   841 | D:2      | Reached ** piety under Trog
   945 | D:2      | Reached XP level 4. HP: 21/29 MP: 4/4
  2339 | D:3      | Got the Parchment of the Arsonist and the Fjord
  2392 | D:3      | Found a faded altar of an unknown god.
  2586 | D:4      | Noticed an ogre
  2586 | D:4      | Noticed a scorpion
  2594 | D:3      | Killed a scorpion
  2595 | D:3      | Reached XP level 5. HP: 33/33 MP: 5/5
  2685 | D:3      | HP: 1/33 [orc wizard/magic dart (6)]
  2686 | D:3      | Slain by an orc wizard

Illustrated notes

Levels and vault maps discovered:
D:1:      tarquinn_simple_flora_water_a, layout_basic, feat_on_display
D:2:      layout_basic, nicolae_kite_square_tiling_tiny,
          chequers_serial_rivers_small_3, supply_closet_lemuel
D:3:      layout_basic, hellmonk_ecumenical_altar_prayer_group
D:4:      layout_rooms, lemuel_round_altar, bloody_trog,
          minmay_temple_entry_butterflies, hellmonk_ghost_happy_afterlife,
          roderic_malta_cross

Skill      XL: |  1  2  3  4  5 |
---------------+----------------+-----
Dodging        | 2 |  2.6
Maces & Flails | 4 |  4.6
Fighting       | 4 |  4.1
Armour         | 3 |  3.1

Action                     |  1- 3 |  4- 6 || total
---------------------------+-------+-------++-------
  Melee: Mace              |   116 |    76 ||   192
         Punch             |     1 |     1 ||     2
 Invoke: Berserk           |     2 |     3 ||     5
    Use: Scroll            |       |     5 ||     5
   Stab: Sleeping          |     1 |       ||     1
 Armour: Animal skin       |    56 |       ||    56
         Scale mail        |     3 |    74 ||    77
  Dodge: Dodged            |    75 |    49 ||   124
